 Dungeon Crawl Stone Soup version 0.24.0-123-gd5b16e6ec5 (webtiles) character file.

Game seed: 3144651009910373560, levelgen mode: deterministic

65 Martska the Charmwright (level 4, -1/35 HPs)
             Began as a Human Skald on Feb 9, 2020.
             Slain by an adder (5 damage)
             ... on level 3 of the Dungeon.
             The game lasted 00:05:17 (2065 turns).

Martska the Charmwright (Human Skald)               Turns: 2065, Time: 00:05:18

Health: -1/35      AC:  3    Str: 11 (13) XL:     4   Next: 35%
Magic:  0/7        EV: 12    Int: 11 (13) God:
Gold:   95         SH:  0    Dex:  9 (12) Spells: 0/7 levels left

rFire    + . .     SeeInvis .   a - +0 falchion
rCold    x . .     Gourm    .   (no shield)
rNeg     . . .     Faith    .   b - +0 leather armour
rPois    .         Spirit   .   (no helmet)
rElec    .         Reflect  .   (no cloak)
rCorr    .         Harm     .   (no gloves)
MR       .....                  (no boots)
Stlth    +.........             (no amulet)
HPRegen  0.11/turn              i - ring of fire
MPRegen  0.10/turn              (no ring)

@: lethally poisoned (-1 -> -13), very slightly contaminated, slowed, very slow
A: no striking features
a: no special abilities


You were on level 3 of the Dungeon.
You were not hungry.

You visited 1 branch of the dungeon, and saw 3 of its levels.

You collected 95 gold pieces.

Inventory:

Hand Weapons
 a - a +0 falchion (weapon)
 c - a +0 whip of freezing
 j - a -2 long sword
Armour
 b - a +0 leather armour (worn)
Jewellery
 i - a ring of fire (left hand)
Wands
 l - a wand of random effects (10)
Scrolls
 e - 2 scrolls of identify
 h - a scroll of remove curse
 m - a scroll of amnesia {unknown}
Potions
 f - 2 potions of degeneration
 g - a potion of lignification {unknown}
 k - a potion of ambrosia {unknown}
Comestibles
 d - 4 rations


   Skills:
 * Level 3.0 Fighting
 * Level 2.3 Long Blades
 + Level 1.6 Armour
 + Level 2.3 Dodging
 + Level 2.1 Spellcasting
 + Level 0.0 Hexes
 + Level 3.3 Charms
 + Level 0.0 Evocations


You couldn't memorise any spells.
You knew the following spells:

 Your Spells              Type           Power        Failure   Level  Hunger
a - Infusion              Chrm           #...         10%         1    ##.....
b - Regeneration          Chrm/Necr      #.........   50%         3    ####...
c - Spectral Weapon       Hex/Chrm       #.......     50%         3    ####...

Your spell library contained the following spells:

 Spells                   Type           Power        Failure   Level  Hunger
 Song of Slaying          Chrm           #.......     14%         2    ###....
 Shroud of Golubria       Chrm/Tloc      #.....       28%         2    ###....


Dungeon Overview and Level Annotations

Branches:
Dungeon (3/15)

Altars:

Annotations:
D:2 Sigmund
D:3 sneaky's ghost, amateur CeHu


Message History

The adder barely misses you.
You riposte.
You closely miss the adder.
The adder is almost dead.
The adder bites you.
* * * LOW HITPOINT WARNING * * *
The adder bites you.
* * * LOW HITPOINT WARNING * * *
The adder bites you.
* * * LOW HITPOINT WARNING * * *
It was a potion of degeneration.
There was something very wrong with that liquid.
You feel weakened.
You feel dopey.
You feel clumsy.
* * * LOW HITPOINT WARNING * * *
You feel sick. The adder bites you but does no damage.
The adder barely misses you.
You riposte.
You closely miss the adder.
The adder is moderately wounded.
The adder closely misses you. The adder bites you.
* * * LOW HITPOINT WARNING * * *
You are more poisoned.
The adder poisons you! The adder bites you.
You die...

#..............###.......#
#.# #.
#...#######....#≈#.......#
#+# #.
##........#....#:#..######
. #. #...$....####.#≈#####
.. #. #........# #.#≈#...#
...##.
#........####.#≈#...###
......
#(.......#....#W#......
#.....
#........#....#S#(.....
+.....
##........#....S@S......
##...(
..........'.............
+.....
#........#....#........
##....
#............##......).
#....
#.............##...###..
#.... #...##........##...#
. ...... #...
###########.... ......
#... #..... ...... #...
#...... .####


You could see sneaky's ghost, 3 adders and a friendly spectral +0 falchion.

Vanquished Creatures
  An adder (D:3)
  A dart slug (D:1)
  A leopard gecko (D:1)
  8 giant cockroaches
  8 goblins
  4 hobgoblins (D:1)
  6 jackals
  5 kobolds
  A quokka (D:3)
  2 ball pythons (D:1)
  6 bats
  A frilled lizard (D:1)
  3 rats
47 creatures vanquished.

Notes
Turn   | Place    | Note
-------+----------+-------------------------------------------
     0 | D:1      | Martska the Human Skald began the quest for the Orb.
     0 | D:1      | Reached XP level 1. HP: 16/16 MP: 3/3
    53 | D:1      | Reached XP level 2. HP: 12/22 MP: 5/5
   573 | D:1      | Reached XP level 3. HP: 26/28 MP: 4/6
  1285 | D:2      | You fall into a shaft and drop 1 floor!
  1335 | D:3      | Reached XP level 4. HP: 18/34 MP: 7/7
  1566 | D:2      | Noticed Sigmund
  1730 | D:3      | Learned a level 3 spell: Regeneration
  1734 | D:3      | Learned a level 3 spell: Spectral Weapon
  2027 | D:3      | Found a runed translucent door.
  2053 | D:3      | Noticed sneaky's ghost (amateur CeHu)
  2065 | D:3      | Slain by an adder

Levels and vault maps discovered:
D:1:      lightli_arrival_boilingwater, layout_basic, serial_park_tiny_2,
          minmay_worlds_worst_comb
D:2:      layout_basic, first_ration, uniq_sigmund
D:3:      layout_basic, ebering_ghost_sewer_d, minmay_misc_feat_pillars,
          minmay_misc_feat_doors

Skill      XL: |  1  2  3  4 |
---------------+-------------+-----
Fighting       | 3 |  3.0
Long Blades    | |  2.3
Armour         | |  1.6
Dodging        | |  2.3
Spellcasting   | |  2.1
Charms         | |  3.3

Action                   |  1- 3 |  4- 6 || total
-------------------------+-------+-------++-------
Melee: Falchion          |    41 |    18 ||    59
       Whip              |    86 |     2 ||    88
       Long sword        |       |    20 ||    20
 Cast: Infusion          |     1 |       ||     1
       Spectral Weapon   |       |     1 ||     1
  Use: Scroll            |       |     2 ||     2
       Potion            |       |     1 ||     1
  Eat: Chunk             |     1 |       ||     1
       Ration            |       |     1 ||     1
Armor: Leather armour    |    39 |    20 ||    59
Dodge: Dodged            |    98 |    61 ||   159
       Rpst.: Falchion   |    11 |    11 ||    22
       Long sword        |       |     6 ||     6
